 Dungeon Crawl Stone Soup version 0.17.0-23-g0de4337 (console) character file.

154 Kloppie the Conjurer (level 5, 0/38 HPs)
             Began as a Centaur Wizard on Nov 14, 2015.
             Slain by a wight
             ... wielding a +0 hand axe
              (3 damage)
             ... on level 3 of the Dungeon.
             The game lasted 00:08:01 (3715 turns).

Kloppie the Conjurer (Centaur Wizard)               Turns: 3715, Time: 00:08:01

Health: 0/38       AC:  6    Str:  9    XL:     5   Next: 13%
Magic:  1/8        EV:  9    Int: 18    God:
Gold:   120        SH:  0    Dex:  8    Spells: 3 memorised, 2 levels left

rFire  + . .     SeeInvis .     p - +3 long sword (curse)
rCold  . . .     Clarity  .     a - +0 robe
rNeg   . . .     SustAt   .     (no shield)
rPois  .         Gourm    .     b - +0 hat
rElec  .         Spirit   .     g - +0 cloak
rCorr  .         Warding  .     m - +0 pair of gloves
rMut   .         Stasis   .     (no barding)
MR     .....                    (no amulet)
Stlth  +.........               (no ring)
                                r - ring of protection from fire

@: drained, very quick, not resistant to hostile enchantments, very unstealthy
A: hooves 3, deformed body, speed 2, tough skin 3
a: no special abilities


You were on level 3 of the Dungeon.
You were very hungry.

You visited 1 branch of the dungeon, and saw 3 of its levels.

You collected 120 gold pieces.

Inventory:

Hand Weapons
 p - a cursed +3 long sword (weapon)
 t - a +0 quarterstaff
Missiles
 e - 19 poisoned needles
Armour
 a - a +0 robe (worn)
 b - a +0 hat (worn)
 g - a +0 cloak (worn)
 m - a +0 pair of gloves (worn)
Jewellery
 r - a ring of protection from fire (left hand)
Scrolls
 f - a scroll of enchant weapon {unknown}
 i - 4 scrolls of identify
 k - 2 scrolls of amnesia {unknown}
 q - 2 scrolls of blinking
 s - a scroll of enchant armour {unknown}
Potions
 j - a potion of lignification {unknown}
 o - a potion of might {unknown}
 u - a potion of flight {unknown}
Books
 c - a book of Minor Magic

   Spells                             Type                      Level
   a - Magic Dart                     Conjuration                  1
   b - Blink                          Translocation                2
   c - Call Imp                       Summoning                    2
   d - Repel Missiles                 Charms/Air                   2
   e - Slow                           Hexes                        2
   f - Conjure Flame                  Conjuration/Fire             3
   g - Mephitic Cloud                 Conjuration/Poison/Air       3
Comestibles
 d - 3 bread rations
 h - 5 fruits
 l - a beef jerky
 n - a slice of pizza


   Skills:
 - Level 1.3(0.8) Dodging
 - Level 1.2(0.7) Stealth
 - Level 2.4(1.8) Spellcasting
 + Level 3.6(3.1) Conjurations
 + Level 2.7(2.2) Summonings
   Level 0.8(0.3) Translocations


You had 2 spell levels left.
You knew the following spells:

 Your Spells              Type           Power        Failure   Level  Hunger
a - Magic Dart            Conj           ##..         6%          1    #......
b - Call Imp              Summ           #.......     12%         2    ###....
c - Mephitic Cloud        Conj/Pois/Air  #.......     34%         3    ###....


Dungeon Overview and Level Annotations

Branches:
Dungeon (3/15)

Altars:
Elyvilon
Nemelex Xobeh


Innate Abilities, Weirdness & Mutations

You have hooves in place of feet.
Armour fits poorly on your strangely shaped body.
You cover ground very quickly.
You have extremely tough skin (AC +3).


Message History

r - Retreat! s - Stop attacking. w - Wait here. f - Follow me.
Anything else - Stay silent.
Gang up on whom?
Press: ? - help, Dir - move target cursor, f/p - wight
Aim: a wight, wielding a hand axe and wearing a robe (moderately damaged) Attack!
Your shadow imp hits the wight.
You closely miss the wight. Your kick misses the wight.
The wight is heavily damaged.
The wight barely misses you.
The wight hits your shadow imp but does no damage.
Your shadow imp hits the wight.
The wight hits you with a hand axe!
* * * LOW HITPOINT WARNING * * *
You feel drained.
* * * LOW HITPOINT WARNING * * *
The wight hits your shadow imp but does no damage.
You hit the wight but do no damage.
The wight is severely damaged.
Your shadow imp misses the wight.
The wight hits you with a hand axe.
You die...

#<.......##.......)........#
###########................#
#......(....(.....#
#.................#
#...#....##.......#
#...#....##.......+
#...#....##.......#
#...#z5..######.###
#...#@...######.#
#...#.........#.#
#...#...........#
####...#.........###
#.................#
#..........#......####
#).........#.....[...#
#..........#(........#
#..........+.........#


You could see a wight and a friendly shadow imp.

Vanquished Creatures
  A wight (D:3)
  4 adders
  An ooze (D:1)
  An orc (D:3)
  2 ball pythons
  3 giant cockroaches
  3 hobgoblins
  A quokka (D:2)
  7 bats
  6 giant newts
  6 goblins
  4 kobolds
  6 rats
45 creatures vanquished.

Vanquished Creatures (collateral kills)
  A wight (D:2)
1 creature vanquished.

Grand Total: 46 creatures vanquished

Notes
Turn   | Place    | Note
--------------------------------------------------------------
     0 | D:1      | Kloppie the Centaur Wizard began the quest for the Orb.
     0 | D:1      | Reached XP level 1. HP: 14/14 MP: 3/3
    81 | D:1      | Reached skill level 1 in Conjurations
   686 | D:1      | Reached XP level 2. HP: 12/20 MP: 0/5
   774 | D:1      | Learned a level 2 spell: Call Imp
   967 | D:1      | Reached skill level 1 in Summonings
  2038 | D:2      | Reached XP level 3. HP: 26/26 MP: 0/6
  2270 | D:2      | Found a sparkling altar of Nemelex Xobeh.
  2577 | D:2      | Found a white marble altar of Elyvilon.
  2660 | D:2      | Learned a level 3 spell: Mephitic Cloud
  3204 | D:3      | Reached skill level 3 in Conjurations
  3204 | D:3      | Reached XP level 4. HP: 33/33 MP: 1/7
  3692 | D:3      | Reached XP level 5. HP: 19/38 MP: 4/8
  3715 | D:3      | Slain by a wight

Action                   |  1- 3 |  4- 6 || total
-------------------------+-------+-------++-------
Melee: Club              |   142 |       ||   142
       Unarmed           |     4 |       ||     4
       Whip              |     1 |       ||     1
       Long sword        |       |    15 ||    15
       Quarterstaff      |       |     4 ||     4
 Cast: Magic Dart        |    65 |    19 ||    84
       Call Imp          |       |     4 ||     4
  Use: Scroll            |     5 |       ||     5
  Eat: Chunk             |     6 |     1 ||     7
